TOP OF THE 1ST |
Duke Blue Devils batting - Pitching for Miami Hurricanes : LHP Josh Johnston
|
Pitching: LHP Josh Johnston
|
|
Batting: RHB Curt Eastham
|
0-0: Called Strike 0-1: Swinging Strike 0-2: Ball 1-2: Ball 2-2: Ball 3-2: Base on Balls
|
Batting: SHB Luis Romero
|
0-0: Ball 1-0: Ball 2-0: Fly out, F7 (Flyball, 7)
|
Batting: RHB Clint Durham
|
0-0: Swinging Strike 0-1: Called Strike 0-2: Ball 1-2: Ball 2-2: Ball 3-2: Strikes out swinging Curt Eastham is caught stealing 2nd base Batter strikes out.
|
Top of the 1st over - 0 runs, 0 hits, 0 errors, 0 left on base; Duke 0 - Miami 0 |
BOTTOM OF THE 1ST |
Miami Hurricanes batting - Pitching for Duke Blue Devils : LHP Tim Wallace
|
Pitching: LHP Tim Wallace
|
|
Batting: LHB Joe Joyce
|
0-0: Called Strike 0-1: Ball 1-1: Ball 2-1: Called Strike 2-2: Foul Ball, location: 2F 2-2: Fly out, F8 (Flyball, 8RD)
|
Batting: RHB Thad Hunter
|
0-0: Ball 1-0: Ball 2-0: Ball 3-0: Base on Balls
|
Batting: RHB Joe Wild
|
0-0: Foul Ball, location: 2F 0-1: Ball 1-1: Swinging Strike 1-2: Strikes out swinging
|
Batting: RHB Eric Hawkins
|
0-0: Ball 1-0: Ball 2-0: Foul Ball, location: 2F 2-1: Foul Ball, location: 2F 2-2: SINGLE (Flyball, 7LS) Thad Hunter to second
|
Batting: SHB Roy Johnston
|
0-0: Ground out 4-3 (Groundball, 4)
|
Bottom of the 1st over - 0 runs, 1 hit, 0 errors, 2 left on base; Duke 0 - Miami 0 |
TOP OF THE 2ND |
Duke Blue Devils batting - Pitching for Miami Hurricanes : LHP Josh Johnston
|
Batting: RHB Bob Ferguson
|
0-0: Foul Ball, location: 2F 0-1: Ball 1-1: Called Strike 1-2: Strikes out looking
|
Batting: RHB Deron McClendon
|
0-0: Ball 1-0: Ground out 6-3 (Groundball, 6M)
|
Batting: RHB Jackson Walker
|
0-0: Ball 1-0: Ball 2-0: Ball 3-0: Foul Ball, location: 2F 3-1: Base on Balls
|
Batting: SHB Álex Vega
|
0-0: Ball 1-0: Called Strike 1-1: Called Strike 1-2: Strikes out looking
|
Top of the 2nd over - 0 runs, 0 hits, 0 errors, 1 left on base; Duke 0 - Miami 0 |
BOTTOM OF THE 2ND |
Miami Hurricanes batting - Pitching for Duke Blue Devils : LHP Tim Wallace
|
Batting: LHB José Méndez
|
0-0: Ball 1-0: Foul Ball, location: 2F 1-1: Ball 2-1: Ground out 4-3 (Groundball, 4M)
|
Batting: RHB Michael O'Gill
|
0-0: Ground out 6-3 (Groundball, 56)
|
Batting: LHB Walton Arnold
|
0-0: Called Strike 0-1: Reached on error, E7 (Flyball, 7LM)
|
Batting: RHB Jim Suárez
|
0-0: Ball 1-0: Called Strike 1-1: Ground out 5-3 (Groundball, 25)
|
Bottom of the 2nd over - 0 runs, 0 hits, 1 error, 1 left on base; Duke 0 - Miami 0 |
TOP OF THE 3RD |
Duke Blue Devils batting - Pitching for Miami Hurricanes : LHP Josh Johnston
|
Batting: RHB Tommy Reid
|
0-0: Ball 1-0: SINGLE (Flyball, 9S)
|
Batting: RHB Marvin Bruce
|
0-0: Foul Ball, location: 2F 0-1: Ball 1-1: Fly out, F8 (Flyball, 8RD)
|
Batting: RHB Curt Eastham
|
0-0: Foul Ball, location: 2F 0-1: Ball 1-1: Foul Ball, location: 2F 1-2: Ball 2-2: Ball 3-2: Fly out, F8 (Line Drive, 89D)
|
Batting: SHB Luis Romero
|
0-0: Ball 1-0: Called Strike 1-1: Ball 2-1: Ball 3-1: Called Strike 3-2: SINGLE (Line Drive, 56D) Tommy Reid to second Tommy Reid to third
|
Batting: RHB Clint Durham
|
0-0: Ball 1-0: Ball 2-0: Fielders Choice at 2nd, 5-4 (Groundball, 56)
|
Top of the 3rd over - 0 runs, 2 hits, 0 errors, 2 left on base; Duke 0 - Miami 0 |
BOTTOM OF THE 3RD |
Miami Hurricanes batting - Pitching for Duke Blue Devils : LHP Tim Wallace
|
Batting: LHB Joe Joyce
|
0-0: Ball 1-0: Called Strike 1-1: Ground out 5-3 (Groundball, 56)
|
Batting: RHB Thad Hunter
|
0-0: Ball 1-0: Called Strike 1-1: SINGLE (Line Drive, 7S)
|
Batting: RHB Joe Wild
|
0-0: Called Strike 0-1: Ball 1-1: Foul Ball, location: 2F 1-2: Fly out, F9 (Flyball, 9S)
|
Batting: RHB Eric Hawkins
|
0-0: Ball 1-0: Ball 2-0: Called Strike 2-1: Foul Ball, location: 2F 2-2: Strikes out swinging
|
Bottom of the 3rd over - 0 runs, 1 hit, 0 errors, 1 left on base; Duke 0 - Miami 0 |
TOP OF THE 4TH |
Duke Blue Devils batting - Pitching for Miami Hurricanes : LHP Josh Johnston
|
Batting: RHB Bob Ferguson
|
0-0: Ball 1-0: Ball 2-0: Called Strike 2-1: Called Strike 2-2: Ground out 5-3 (Groundball, 56)
|
Batting: RHB Deron McClendon
|
0-0: Called Strike 0-1: Ball 1-1: Ball 2-1: DOUBLE (Line Drive, 9LD)
|
Batting: RHB Jackson Walker
|
0-0: Swinging Strike 0-1: Ball 1-1: Ball 2-1: Foul Ball, location: 2F 2-2: Foul Ball, location: 2F 2-2: Ground out 5-3 (Groundball, 56)
|
Batting: SHB Álex Vega
|
0-0: Called Strike 0-1: Swinging Strike 0-2: Ball 1-2: Ball 2-2: Strikes out swinging
|
Top of the 4th over - 0 runs, 1 hit, 0 errors, 1 left on base; Duke 0 - Miami 0 |
BOTTOM OF THE 4TH |
Miami Hurricanes batting - Pitching for Duke Blue Devils : LHP Tim Wallace
|
Batting: SHB Roy Johnston
|
0-0: Ball 1-0: Foul Ball, location: 2F 1-1: Ball 2-1: Ball 3-1: Foul Ball, location: 2F 3-2: Base on Balls
|
Batting: LHB José Méndez
|
0-0: Ball 1-0: Called Strike 1-1: Ground out U3 (Groundball, 34S) Roy Johnston to second
|
Batting: RHB Michael O'Gill
|
0-0: Called Strike 0-1: Ball 1-1: Swinging Strike 1-2: Strikes out swinging
|
Batting: LHB Walton Arnold
|
0-0: Ball 1-0: Called Strike 1-1: Ball 2-1: Called Strike 2-2: Foul Ball, location: 2F 2-2: Foul Ball, location: 2F 2-2: Strikes out swinging
|
Bottom of the 4th over - 0 runs, 0 hits, 0 errors, 1 left on base; Duke 0 - Miami 0 |
TOP OF THE 5TH |
Duke Blue Devils batting - Pitching for Miami Hurricanes : LHP Josh Johnston
|
Batting: RHB Tommy Reid
|
0-0: Ball 1-0: Ball 2-0: Swinging Strike 2-1: Foul Ball, location: 2F 2-2: Foul Ball, location: 2F 2-2: Ball 3-2: Foul Ball, location: 2F 3-2: Base on Balls
|
Batting: RHB Marvin Bruce
|
0-0: Ball 1-0: Grounds into double play, 6-4-3 (Groundball, 6)
|
Batting: RHB Curt Eastham
|
0-0: Ball 1-0: Ground out 5-3 (Groundball, 56)
|
Top of the 5th over - 0 runs, 0 hits, 0 errors, 0 left on base; Duke 0 - Miami 0 |
BOTTOM OF THE 5TH |
Miami Hurricanes batting - Pitching for Duke Blue Devils : LHP Tim Wallace
|
Batting: RHB Jim Suárez
|
0-0: Ball 1-0: Foul Ball, location: 2F 1-1: SINGLE (Line Drive, 89M)
|
Batting: LHB Joe Joyce
|
0-0: Called Strike 0-1: Ball 1-1: Fly out, F7 (Line Drive, 7LM)
|
Batting: RHB Thad Hunter
|
0-0: Called Strike 0-1: Ball 1-1: Ball 2-1: SINGLE (Groundball, 56S) (infield hit) Jim Suárez to second
|
Batting: RHB Joe Wild
|
0-0: Ball Jim Suárez steals 3rd base Thad Hunter to second 1-0: Ball 2-0: Swinging Strike 2-1: Ball 3-1: Ground out 6-3 (Groundball, 6) Jim Suárez scores Thad Hunter to third
|
Pitching: RHP Ed Brennan
|
|
Batting: RHB Eric Hawkins
|
0-0: Foul Ball, location: 2F 0-1: Ball 1-1: Ball 2-1: Ball 3-1: Fly out, F7 (Flyball, 7S)
|
Bottom of the 5th over - 1 run, 2 hits, 0 errors, 1 left on base; Duke 0 - Miami 1 |
TOP OF THE 6TH |
Duke Blue Devils batting - Pitching for Miami Hurricanes : LHP Josh Johnston
|
Pitching: LHP Máximo De Jesús
|
|
Batting: SHB Luis Romero
|
0-0: Ball 1-0: Ball 2-0: Swinging Strike 2-1: Ball 3-1: Base on Balls
|
Batting: RHB Clint Durham
|
0-0: Ball 1-0: Ball 2-0: Swinging Strike 2-1: Foul Ball, location: 2F 2-2: Foul Ball, location: 2F 2-2: Strikes out swinging
|
Batting: RHB Bob Ferguson
|
0-0: Ball Luis Romero steals 2nd base 1-0: Ball 2-0: Called Strike 2-1: Swinging Strike 2-2: Foul Ball, location: 2F 2-2: Strikes out looking
|
Batting: RHB Deron McClendon
|
0-0: Ball 1-0: Swinging Strike 1-1: Called Strike 1-2: Strikes out swinging
|
Top of the 6th over - 0 runs, 0 hits, 0 errors, 1 left on base; Duke 0 - Miami 1 |
BOTTOM OF THE 6TH |
Miami Hurricanes batting - Pitching for Duke Blue Devils : RHP Ed Brennan
|
Batting: SHB Roy Johnston
|
0-0: Swinging Strike 0-1: SINGLE (Line Drive, 6S) (infield hit)
|
Batting: LHB José Méndez
|
0-0: Foul Ball, location: 2F 0-1: Foul Ball, location: 2F 0-2: Strikes out swinging
|
Pitching: RHP Artie Green
|
|
Batting: RHB Michael O'Gill
|
0-0: Called Strike 0-1: Ball 1-1: Ball 2-1: Swinging Strike 2-2: Ball 3-2: Base on Balls Roy Johnston to second
|
Batting: LHB Walton Arnold
|
0-0: Ball 1-0: Ball 2-0: SINGLE (Flyball, 89S) Roy Johnston to third Michael O'Gill to second Runner from 3rd tries for Home, SAFE, no throw
|
Batting: RHB Jim Suárez
|
0-0: Ball 1-0: Foul Ball, location: 2F 1-1: Called Strike 1-2: SINGLE (Line Drive, 56) Michael O'Gill to third Walton Arnold to second
|
Batting: LHB Joe Joyce
|
0-0: Ball 1-0: Ball 2-0: Called Strike 2-1: Ball 3-1: Base on Balls Michael O'Gill scores Walton Arnold to third Jim Suárez to second
|
Batting: RHB Thad Hunter
|
0-0: Ball 1-0: Swinging Strike 1-1: Foul Ball, location: 2F 1-2: Strikes out looking
|
Batting: RHB Joe Wild
|
0-0: Ball 1-0: Called Strike 1-1: Ball 2-1: Foul Ball, location: 2F 2-2: Strikes out swinging
|
Bottom of the 6th over - 2 runs, 3 hits, 0 errors, 3 left on base; Duke 0 - Miami 3 |
TOP OF THE 7TH |
Duke Blue Devils batting - Pitching for Miami Hurricanes : LHP Máximo De Jesús
|
Batting: RHB Jackson Walker
|
0-0: SINGLE (Groundball, 6MD)
|
Batting: SHB Álex Vega
|
0-0: Foul Ball, location: 2F 0-1: Ball 1-1: Swinging Strike 1-2: Strikes out looking
|
Batting: RHB Tommy Reid
|
0-0: Foul Ball, location: 2F 0-1: Ball 1-1: Foul Ball, location: 2F 1-2: Fly out, F9 (Flyball, 89D)
|
Batting: RHB Marvin Bruce
|
0-0: Called Strike 0-1: Ball 1-1: Ball 2-1: Ball Jackson Walker steals 2nd base 3-1: Called Strike 3-2: Foul Ball, location: 2F 3-2: Strikes out swinging
|
Top of the 7th over - 0 runs, 1 hit, 0 errors, 1 left on base; Duke 0 - Miami 3 |
BOTTOM OF THE 7TH |
Miami Hurricanes batting - Pitching for Duke Blue Devils : RHP Artie Green
|
Batting: RHB Eric Hawkins
|
0-0: Ball 1-0: Ball 2-0: Fly out, F3 (Popup, 23F)
|
Batting: SHB Roy Johnston
|
0-0: Ball 1-0: Called Strike 1-1: Ball 2-1: Ball 3-1: Foul Ball, location: 2F 3-2: Base on Balls
|
Pitching: LHP Bill Howard
|
|
Batting: LHB José Méndez
|
0-0: Ball 1-0: Fly out, F9 (Flyball, 9)
|
Pitching: RHP Dan Walls
|
|
Batting: RHB Michael O'Gill
|
0-0: Ball 1-0: Ball 2-0: Foul Ball, location: 2F 2-1: Swinging Strike 2-2: Ball 3-2: Base on Balls Roy Johnston to second
|
Batting: LHB Walton Arnold
|
0-0: Called Strike 0-1: Ball 1-1: Fly out, F9 (Line Drive, 9LM)
|
Bottom of the 7th over - 0 runs, 0 hits, 0 errors, 2 left on base; Duke 0 - Miami 3 |
TOP OF THE 8TH |
Duke Blue Devils batting - Pitching for Miami Hurricanes : LHP Máximo De Jesús
|
Batting: RHB Curt Eastham
|
0-0: Ball 1-0: Called Strike 1-1: Foul Ball, location: 2F 1-2: Strikes out swinging
|
Batting: SHB Luis Romero
|
0-0: Called Strike 0-1: Swinging Strike 0-2: Strikes out swinging, 2-3 out at first.
|
Batting: RHB Clint Durham
|
0-0: Foul Ball, location: 2F 0-1: Ball 1-1: Ball 2-1: Foul Ball, location: 2F 2-2: Ball 3-2: Strikes out swinging
|
Top of the 8th over - 0 runs, 0 hits, 0 errors, 0 left on base; Duke 0 - Miami 3 |
BOTTOM OF THE 8TH |
Miami Hurricanes batting - Pitching for Duke Blue Devils : RHP Dan Walls
|
Batting: RHB Jim Suárez
|
0-0: Ball 1-0: Ball 2-0: Ball 3-0: Base on Balls
|
Batting: LHB Joe Joyce
|
0-0: Ball 1-0: Ball 2-0: Ball Balk! Jim Suárez to second 3-0: Called Strike 3-1: Base on Balls
|
Batting: RHB Thad Hunter
|
0-0: Foul Ball, location: 2F 0-1: Ball 1-1: Fly out, F7 (Line Drive, 7LD) Runner from 2nd tags up, SAFE at 3rd, no throw
|
Batting: RHB Joe Wild
|
0-0: Ball 1-0: Ball 2-0: Ball 3-0: Called Strike 3-1: SINGLE (Groundball, 6MD) Jim Suárez scores Joe Joyce to second
|
Batting: RHB Eric Hawkins
|
0-0: Ball 1-0: Called Strike 1-1: Ball 2-1: Swinging Strike 2-2: Strikes out swinging
|
Batting: SHB Roy Johnston
|
0-0: Called Strike 0-1: Ball 1-1: 3-RUN HOME RUN (Flyball, 9LD), Distance : 316 ft
|
Batting: LHB José Méndez
|
0-0: Ball 1-0: Ball 2-0: Ball 3-0: Base on Balls
|
Pitching: RHP Scott Sheppard
|
|
Batting: RHB Michael O'Gill
|
0-0: Called Strike 0-1: Ball 1-1: Called Strike 1-2: Ball 2-2: Ball 3-2: SINGLE (Flyball, 78S) José Méndez to second José Méndez to third
|
Batting: LHB Walton Arnold
|
0-0: Ball 1-0: Called Strike 1-1: Swinging Strike 1-2: Ball 2-2: Ball 3-2: Foul Ball, location: 2F 3-2: Strikes out swinging
|
Bottom of the 8th over - 4 runs, 3 hits, 0 errors, 2 left on base; Duke 0 - Miami 7 |
TOP OF THE 9TH |
Duke Blue Devils batting - Pitching for Miami Hurricanes : LHP Máximo De Jesús
|
Batting: RHB Bob Ferguson
|
0-0: Ball 1-0: Ground out 4-3 (Groundball, 4)
|
Batting: RHB Deron McClendon
|
0-0: Foul Ball, location: 2F 0-1: Ball 1-1: Called Strike 1-2: SINGLE (Groundball, 15) (infield hit)
|
Pitching: LHP Christian Kane
|
|
Batting: RHB Jackson Walker
|
0-0: Ground out 5-3 (Groundball, 56S) Deron McClendon to second
|
Batting: SHB Álex Vega
|
0-0: SINGLE (Line Drive, 89M) Deron McClendon to third
|
Batting: RHB Tommy Reid
|
0-0: Ball 1-0: Ball 2-0: Foul Ball, location: 2F 2-1: Called Strike 2-2: Strikes out swinging
|
Top of the 9th over - 0 runs, 2 hits, 0 errors, 2 left on base; Duke 0 - Miami 7 |
|